 Dungeon Crawl Stone Soup version 0.17-a0-1564-g7b572aa (webtiles) character file.

877 urechis the Grappler (level 7, -13/71 HPs)
             Began as a Troll Monk on July 21, 2015.
             Mangled by an orc warrior
             ... wielding a +0 halberd
              (17 damage)
             ... on level 6 of the Dungeon.
             The game lasted 00:04:41 (3560 turns).

urechis the Grappler (Troll Monk)                   Turns: 3560, Time: 00:04:41

Health: -13/71     AC:  5    Str: 22    XL:     7   Next: 75%
Magic:  6/6        EV: 10    Int:  6    God:
Gold:   273        SH:  0    Dex: 12    Spells: 0 memorised, 6 levels left

rFire  . . .     SeeInvis .       - Unarmed
rCold  . . .     Clarity  .     a - +0 robe
rNeg   . . .     SustAt   .     (no shield)
rPois  .         Gourm    +     (helmet restricted)
rElec  .         Spirit   .     (no cloak)
rCorr  .         Warding  .     (gloves unavailable)
rMut   .         Stasis   .     (boots unavailable)
MR     .....                    (no amulet)
Stlth  +.........               (no ring)
                                (no ring)

@: not resistant to hostile enchantments, very unstealthy
A: unfitting armour, claws 3, fast metabolism 3, gourmand, regeneration 2,
shaggy fur 1, tough skin 2
a: no special abilities


You were on level 6 of the Dungeon.
You were very full.

You visited 1 branch of the dungeon, and saw 6 of its levels.

You collected 273 gold pieces.

Inventory:

Missiles
 g - 8 tomahawks (quivered)
 l - 4 large rocks
 q - 29 poisoned needles
 G - 8 javelins
Armour
 a - a +0 robe (worn)
Jewellery
 e - a +3 ring of dexterity {unknown}
Magical devices
 y - a wand of digging (20)
 B - a wand of slowing (14)
Scrolls
 d - 2 scrolls of blinking {unknown}
 i - 5 scrolls of identify {unknown}
 j - a scroll of magic mapping {unknown}
 k - a scroll of random uselessness {unknown}
 n - a scroll of amnesia {unknown}
 r - a scroll of immolation {unknown}
 u - a scroll of teleportation {unknown}
 z - 2 scrolls of enchant armour {unknown}
 C - 2 scrolls of remove curse {unknown}
 F - a scroll of noise {unknown}
Potions
 c - 2 potions of agility {unknown}
 m - a potion of magic {unknown}
 p - 2 potions of curing {unknown}
 s - a potion of haste {unknown}
 t - 2 potions of cure mutation {unknown}
 x - 2 potions of degeneration {unknown}
 D - a potion of might {unknown}
Books
 o - a book of Debilitation

   Spells                             Type                      Level
   a - Corona                         Hexes                        1
   b - Slow                           Hexes                        2
   c - Gell's Gravitas                Hexes/Translocation          3
   d - Inner Flame                    Hexes/Fire                   3
   e - Cause Fear                     Hexes                        4
   f - Leda's Liquefaction            Hexes/Earth                  4
 A - a book of Beasts

   Spells                             Type                      Level
   a - Summon Butterflies             Summoning                    1
   b - Call Canine Familiar           Summoning                    3
   c - Summon Ice Beast               Ice/Summoning                4
   d - Summon Mana Viper              Hexes/Summoning              5
   e - Summon Hydra                   Summoning                    7
Comestibles
 b - 7 bread rations
 f - 4 meat rations
 h - 3 beef jerkies
 v - a royal jelly
 w - a slice of pizza
 E - 2 chunks of flesh


   Skills:
 + Level 4.8 Fighting
 - Level 2.4 Dodging
 - Level 1.1 Stealth
 * Level 8.3 Unarmed Combat


You had 6 spell levels left.
You didn't know any spells.

Dungeon Overview and Level Annotations

Branches:
Dungeon (6/15)
 Temple: D:4-7

Altars:
Fedhas
Ru


Innate Abilities, Weirdness & Mutations

You are too large for most types of armour.
You have claws for hands.
Your metabolism is lightning-fast.
You like to eat raw meat.
You heal very quickly.
You are covered in fur (AC +1).
You have very tough skin (AC +2).


Message History

The orc warrior hits you from afar with a halberd!
The orc priest hits you with a mace.
You scratch the orc priest.
You kill the orc priest!
The orc warrior hits you from afar with a halberd!
* * * LOW HITPOINT WARNING * * *
You are too injured to fight recklessly!
The orc warrior hits you with a halberd!!
* * * LOW HITPOINT WARNING * * *
Things that are here:
a mace; an orc corpse You scratch the orc warrior but do no damage.
Your claw misses the orc warrior.
Drink which item? (? for menu, Esc to quit)
Okay, then.
You barely miss the orc warrior. The orc warrior closely misses you.
You scratch the orc warrior but do no damage.
You claw the orc warrior, but do no damage.
The orc warrior hits you with a halberd!
You die...

########### +.[.......+
#.........# #....)....#
#...).@o..# #######+####'####+##
...................#
...................+
...................#
...................#
...................#
........†..........#+####+######
###+###'####+##...............[.


You could see an orc warrior.

Vanquished Creatures
  Menkaure (D:4)
  2 ogres
  2 giant frogs (D:6)
  A scorpion (D:4)
  A crimson imp (D:5)
  2 hounds
  2 orc wizards
  An orc priest (D:6)
  3 worker ants
  A killer bee zombie (D:5)
  An iguana (D:4)
  9 adders
  5 giant geckos
  9 orcs
  A ball python (D:5)
  5 giant cockroaches
  7 goblins
  7 hobgoblins
  11 jackals
  5 quokkas
  8 bats
  3 giant newts (D:1)
  A jackal skeleton (D:4)
  7 kobolds
  6 rats
101 creatures vanquished.

Notes
Turn   | Place    | Note
--------------------------------------------------------------
     0 | D:1      | urechis the Troll Monk began the quest for the Orb.
     0 | D:1      | Reached XP level 1. HP: 22/22 MP: 0/0
   202 | D:1      | Reached XP level 2. HP: 27/29 MP: 1/1
   783 | D:2      | Found a faded altar to an unknown god.
   922 | D:2      | Reached XP level 3. HP: 32/36 MP: 2/2
  1075 | D:2      | Reached skill level 5 in Unarmed Combat
  1376 | D:3      | Reached XP level 4. HP: 41/45 MP: 3/3
  1946 | D:3      | Found a sacrificial altar of Ru.
  1968 | D:4      | Reached XP level 5. HP: 44/53 MP: 4/4
  2174 | D:4      | Reached skill level 6 in Unarmed Combat
  2296 | D:4      | Noticed Menkaure
  2297 | D:4      | Noticed an ogre
  2298 | D:4      | Reached XP level 6. HP: 57/62 MP: 5/5
  2306 | D:4      | Killed an ogre
  2311 | D:4      | Killed Menkaure
  2548 | D:5      | Entered Level 5 of the Dungeon
  2602 | D:5      | Reached skill level 7 in Unarmed Combat
  2809 | D:5      | Found a blossoming altar of Fedhas.
  2943 | D:5      | Reached XP level 7. HP: 60/70 MP: 6/6
  3471 | D:6      | Reached skill level 8 in Unarmed Combat
  3557 | D:6      | HP: 3/71 [orc warrior/halberd (19)]
  3560 | D:6      | Mangled by an orc warrior

Vault maps used:
D:1:      lightli_arrival_isolated_outpost
D:2:      ecumenical_altar_2, hangedman_abyss_or_decor_lesser_grid
D:3:      nicolae_ru_path_of_blood
D:4:      first_bread, uniq_menkaure
D:5:      basic_altar
D:6:      uniq_prince_ribbit1

Action                   |  1- 3 |  4- 6 |  7- 9 || total
-------------------------+-------+-------+-------++-------
Melee: Unarmed           |    82 |   107 |    55 ||   244
 Stab: Sleeping          |     1 |     5 |     4 ||    10
  Eat: Chunk             |    12 |    12 |    13 ||    37
